 Dungeon Crawl Stone Soup version 0.29.0-11-gd7f09526c8 (webtiles) character file.

Game seed: 13438185367439176059

0 Monkooky the Sneak (level 1, -3/18 HPs)
             Began as a Human Delver on Sept 6, 2022.
             Was an Initiate of Fedhas.
             Killed by nerve-wracking pain
             ... invoked by a shadow imp
              (12 damage)
             ... on level 5 of the Dungeon.
             The game lasted 00:01:00 (173 turns).

Monkooky the Sneak (Human Delver)                    Turns: 173, Time: 00:01:02

Health: -3/18      AC:  3    Str: 12    XL:     1   Next: 0%
Magic:  1/1        EV: 12    Int: 10    God:    Fedhas [......]
Gold:   19         SH:  0    Dex: 14    Spells: 0/0 levels left

rFire   . . .      SeeInvis .   a - +0 short sword
rCold   . . .      Faith    .   (no shield)
rNeg    . . .      Spirit   .   b - +0 leather armour
rPois   .          Reflect  .   (no helmet)
rElec   .          Harm     .   (no cloak)
rCorr   .          Rampage  .   (no gloves)
Will    .....                   (no boots)
Stlth   +++.......              (no amulet)
HPRegen 0.06/turn               (no ring)
MPRegen 0.07/turn               (no ring)

@: no status effects
A: no striking features
a: Renounce Religion


You were on level 5 of the Dungeon.
You worshipped Fedhas.
Fedhas was noncommittal.
You visited 1 branch of the dungeon, and saw 1 of its levels.

You collected 19 gold pieces.

Inventory:

Hand Weapons
 a - a +0 short sword (weapon)
Armour
 b - a +0 leather armour (worn)
Wands
 f - a wand of polymorph (10)
 g - a wand of digging (3)
Scrolls
 c - a scroll of fog
 d - a scroll of magic mapping
 e - a scroll of fear


   Skills:
 + Level 3.0 Fighting
 + Level 2.0 Short Blades
 + Level 2.0 Dodging
 + Level 5.0 Stealth


You couldn't memorise any spells.
You didn't know any spells.
Your spell library contained the following spells:

 Spells                   Type           Power      Damage    Failure   Level
 Borgnjor's Revivificati  Necr           0%         N/A       100%        8
 Necromutation            Tmut/Necr      0%         N/A       100%        8
 Death's Door             Necr           0%         N/A       100%        9


Dungeon Overview and Level Annotations

Branches:
Dungeon (5/15)
 Temple: D:4-7

Altars:
Fedhas
Kikubaaqudgha


Message History

The shadow imp is moderately wounded.
The shadow imp puffs mist at you. The shadow imp completely misses you.
You closely miss the shadow imp.
The shadow imp is moderately wounded.
The shadow imp closely misses you.
You hit the shadow imp.
The shadow imp is heavily wounded.
The shadow imp barely misses you.
You closely miss the shadow imp.
The shadow imp is heavily wounded.
The shadow imp barely misses you.
You hit the shadow imp but do no damage.
The shadow imp is moderately wounded.
The shadow imp closely misses you.
You hit the shadow imp.
The shadow imp is severely wounded.
The shadow imp hits you.
You barely miss the shadow imp.
The shadow imp is severely wounded.
The shadow imp barely misses you.
You hit the shadow imp but do no damage.
The shadow imp is severely wounded.
The shadow imp hits you.
You hit the shadow imp but do no damage.
The shadow imp is severely wounded.
The shadow imp hits you.
You barely miss the shadow imp.
The shadow imp is severely wounded.
The shadow imp barely misses you.
You closely miss the shadow imp.
The shadow imp is severely wounded.
The shadow imp barely misses you.
You barely miss the shadow imp.
The shadow imp is severely wounded.
The shadow imp gestures at you. Pain shoots through your body!
Ouch! That really hurt!
You die...
Fedhas appreciates your contribution to the ecosystem.

...#.##.#
...#.##.######
...#.##......#
#.##.######.##
#.......# #.#
.(....#.# #.#
#.......# #.######
#.#.......#......#
#.#...###.######@#
#.#..... # #5#
#.#..###. #.#
#.....# # #.#
......# #.#
.)....# #.#
......# #.#
.....># #.#
###.###


You could see a shadow imp.

Vanquished Creatures (others)
  2 plants (D:5)
  2 withered plants (D:5)
4 creatures vanquished.

Notes
Turn   | Place    | Note
-------+----------+-------------------------------------------
     0 | D:5      | Monkooky the Human Delver began the quest for the Orb.
     0 | D:5      | Reached XP level 1. HP: 18/18 MP: 1/1
    12 | D:5      | Noticed a hound
    63 | D:5      | Noticed a scorpion
    74 | D:5      | Found a blossoming altar of Fedhas.
    75 | D:5      | Found an ancient bone altar of Kikubaaqudgha.
    80 | D:5      | Became a worshipper of Fedhas Madash
   173 | D:5      | Killed from afar by a shadow imp

Illustrated notes

Levels and vault maps discovered:
D:5:      layout_basic, grunt_temple_overflow_growth_and_decay,
          eino_small_chamber_without_monster

Action                   || total
-------------------------++-------
Melee: Short sword       ||    18
  Use: Potion            ||     1
Armor: Leather armour    ||     2
Dodge: Dodged            ||    13
